 Dungeon Crawl Stone Soup version 0.16.1-51-g6203257 (webtiles) character file.

4501 Jb9000 the Covert (level 10, -4/54 HPs)
             Began as a Gargoyle Fighter on July 3, 2015.
             Was a High Priest of Makhleb.
             Slain by a wolf (5 damage)
             ... led by Grum
             ... on level 8 of the Dungeon.
             The game lasted 00:52:26 (8002 turns).

Jb9000 the Covert (Gargoyle Fighter)                Turns: 8002, Time: 00:52:26

Health: -4/54      AC: 16    Str: 26    XL:     10   Next: 38%
Magic:  21/21      EV: 16    Int:  9    God:    Makhleb [*****.]
Gold:   335        SH:  0    Dex: 16    Spells: 0 memorised, 9 levels left

rFire  . . .     SeeInvis .     j - +5 quarterstaff (chaos)
rCold  + . .     Rnd*Rage +     v - +2 leather armour {rC+}
rNeg   + . .     SustAb   .     (no shield)
rPois  ∞         Gourm    .     (no helmet)
rElec  +         Spirit   .     l - +0 cloak
rCorr  .         Warding  .     y - +0 pair of gloves
rMut   .         Stasis   .     w - +0 pair of boots
MR     .....                    (no amulet)
Stlth  +++++.....               (no ring)
                                A - ring of magical power

@: mighty, agile, not resistant to hostile enchantments, quite stealthy
A: berserk 1, frail 1, negative energy resistance 1, regeneration 1, electricity
resistance, unbreathing, petrification resistance, rot immunity, AC +7
a: Minor Destruction, Lesser Servant of Makhleb, Major Destruction, Greater
Servant of Makhleb, Renounce Religion


You were on level 8 of the Dungeon.
You worshipped Makhleb.
Makhleb was extremely pleased with you.
You were not hungry.

You visited 2 branches of the dungeon, and saw 9 of its levels.
You also visited: Ossuary.

You collected 335 gold pieces.

Inventory:

Hand weapons
 a - a +1 flail of protection
 j - a +5 quarterstaff of chaos (weapon)
 s - a +2 shortbow of velocity
 x - a +0 hammer
 D - a cursed +2 mace of venom
 H - a +2 great sword of freezing
 J - a +0 blowgun
Missiles
 i - 6 needles of slowing
 k - 19 poisoned needles
 n - 22 bolts
 p - 15 tomahawks (quivered)
 t - 85 arrows
 u - 24 bolts of frost
 z - 7 javelins
Armour
 b - a +0 scale mail
 c - a +0 shield
 l - a +0 cloak (worn)
 q - a +1 chain mail of cold resistance
 r - a cursed +0 plate armour
 v - a +2 leather armour of cold resistance (worn)
 w - a +0 pair of boots (worn)
 y - a +0 pair of gloves (worn)
Jewellery
 A - a ring of magical power (left hand)
Magical devices
 h - a wand of flame (21)
Scrolls
 e - a scroll of remove curse
 m - 6 scrolls of identify
Potions
 o - a potion of magic
 C - a potion of mutation
 G - a potion of resistance
 K - a potion of restore abilities
 L - a potion of might
Books
 F - a book of Death

   Spells                             Type                      Level
   a - Corpse Rot                     Necromancy                   2
   b - Sublimation of Blood           Necromancy                   2
   c - Agony                          Necromancy                   5
   d - Dispel Undead                  Necromancy                   5
   e - Excruciating Wounds            Charms/Necromancy            5
   f - Bolt of Draining               Conjuration/Necromancy       5
Comestibles
 d - 6 bread rations
 f - 2 meat rations
 E - 7 chunks of flesh
 I - 4 fruits


   Skills:
 + Level 5.8 Fighting
   Level 2.1 Short Blades
 - Level 4.6(6.2) Maces & Flails
 * Level 6.4(7.2) Staves
 * Level 5.3 Bows
 - Level 1.8 Throwing
 + Level 6.0 Armour
 + Level 8.3 Stealth
 + Level 6.2 Shields
 * Level 1.6 Invocations


You had 9 spell levels left.
You didn't know any spells.

Dungeon Overview and Level Annotations

Branches:
Dungeon (8/15)             Temple (1/1) D:4
   Lair: D:8-11

Altars:
Ashenzari
Cheibriados
Dithmenos
Elyvilon
Fedhas
Kikubaaqudgha
Makhleb
Nemelex Xobeh
Okawaru
Ru
Sif Muna
Trog
Vehumet
Xom
Yredelemnul
Zin
The Shining One
Jiyva

Shops:
D:8 ?


Innate Abilities, Weirdness & Mutations

You are resistant to torment.
You are immune to poison.
Your stone body is very resilient (AC +7).
You resist negative energy.
You are resistant to electric shocks.
You can survive without breathing.
You are immune to petrification.
You are immune to rotting.
You tend to lose your temper in combat.
You are frail (-10% HP).
Your natural rate of healing is unusually fast.


Message History

Press: ? - help, Shift-Dir - straight line, f - orc
Aim: an orc, wearing a leather armour The puff of flame hits Grum.
Grum is almost dead.
This wand has 21 charges left.
The wolf bites you but does no damage. The wolf closely misses you.
The wolf bites you but does no damage.
The orc warrior hits you but does no damage.
The wolf bites you but does no damage. Grum hits you with an enchanted spear.
* * * LOW HITPOINT WARNING * * *
You sock Grum!
You kill Grum!
Makhleb accepts your kill.
Your Armour skill increases to level 6!
The wolf completely misses you. The wolf bites you but does no damage.
The orc warrior hits you but does no damage.
The wolf closely misses you. x2
Drink which item? (? for menu, Esc to quit)
You feel agile all of a sudden. The wolf bites you.
You die...

######....# ...# #....#
...# #....#
...###)...####
....(..........
...##################.#
...# #.............#
...# #.##...#h######
...# #...#@## ...# #
#...hoo# ####
#.##.#..(.# #..[...##.#
#########.#.# (# #....#
#.#.# .# #.##.# #.#.#
(# #.##.####.#.. (.
#.##......### .


You could see an orc warrior, 2 wolves and an orc.

Vanquished Creatures
  The ghost of Jb9000 the Sneak, an experienced GrFi of Okawaru (D:5)
  Joseph (D:8)
  The ghost of kae the Firebug, an average TeFE of Vehumet (D:4)
  Grum (D:8)
  A water moccasin (D:7)
  2 wolves (D:8)
  2 orc warriors (D:7)
  A wasp (D:7)
  A necrophage (D:6)
  The ghost of Jb9000 the Skirmisher, an average GrFi of Makhleb (D:3)
  An elf zombie (Ossuary)
  2 ogres
  4 centaurs
  2 big kobolds
  3 giant frogs
  A gnoll sergeant (D:5)
  A water moccasin zombie (D:8)
  A scorpion (D:5)
  4 wights (D:6)
  2 crimson imps
  3 goliath beetles
  A centaur zombie (Ossuary)
  3 hounds
  Crazy Yiuf (D:3)
  2 human zombies (Ossuary)
  6 orc priests
  A centaur skeleton (D:4)
  An iguana (D:5)
  8 orc wizards
  3 worker ants
  4 big kobold zombies (Ossuary)
  Terence (D:3)
  2 mummies (Ossuary)
  10 gnolls (D:5)
  15 adders
  4 giant mites
  2 adder skeletons
  2 adder zombies
  3 giant geckos
  5 oozes
  22 orcs
  11 bats
  2 bat zombies
  6 giant cockroaches
  7 goblins
  14 hobgoblins
  7 jackals
  4 quokkas
  3 ball pythons
  2 giant newts
  5 hobgoblin zombies (Ossuary)
  18 kobolds
  9 kobold zombies (Ossuary)
  11 orc zombies (Ossuary)
  7 rats
  3 rat zombies (Ossuary)
241 creatures vanquished.

Vanquished Creatures (others)
  An orc warrior (D:7)
  A jelly (D:5)
2 creatures vanquished.

Grand Total: 243 creatures vanquished

Notes
Turn   | Place    | Note
--------------------------------------------------------------
     0 | D:1      | Jb9000, the Gargoyle Fighter, began the quest for the Orb.
     0 | D:1      | Reached XP level 1. HP: 14/14 MP: 1/1
    99 | D:1      | Reached skill level 1 in Stealth
   119 | D:1      | Reached XP level 2. HP: 6/19 MP: 2/2
  1123 | D:2      | Reached skill level 1 in Short Blades
  1123 | D:2      | Reached XP level 3. HP: 23/23 MP: 3/3
  1598 | D:2      | Reached XP level 4. HP: 24/28 MP: 4/4
  1826 | D:3      | Found an ancient bone altar of Kikubaaqudgha.
  1893 | D:3      | Found a radiant altar of Vehumet.
  2121 | D:3      | Noticed Crazy Yiuf
  2130 | D:3      | Killed Crazy Yiuf
  2130 | D:3      | Reached XP level 5. HP: 32/32 MP: 5/5
  2180 | D:3      | Noticed Terence
  2187 | D:3      | Killed Terence
  2238 | D:3      | Noticed an ogre
  2245 | D:3      | Killed an ogre
  2245 | D:3      | Reached skill level 1 in Staves
  2245 | D:3      | Reached skill level 1 in Throwing
  2417 | D:3      | Noticed Jb9000's ghost (average GrFi)
  2460 | D:3      | Killed Jb9000's ghost
  2460 | D:3      | Reached skill level 4 in Shields
  2460 | D:3      | Reached XP level 6. HP: 14/38 MP: 6/6
  3387 | D:4      | Noticed kae's ghost (average TeFE)
  3437 | D:4      | Killed kae's ghost
  3437 | D:4      | Reached XP level 7. HP: 24/43 MP: 7/7
  3607 | D:4      | Found a staircase to the Ecumenical Temple.
  3627 | Temple   | Entered the Ecumenical Temple
  3692 | Temple   | Became a worshipper of Makhleb the Destroyer
  3924 | D:4      | Reached skill level 5 in Stealth
  3994 | D:5      | Entered Level 5 of the Dungeon
  3997 | D:5      | Found a staircase to the Ecumenical Temple.
  4017 | D:5      | Reached skill level 1 in Bows
  4017 | D:5      | Reached XP level 8. HP: 34/48 MP: 8/8
  4019 | D:5      | Noticed Jb9000's ghost (experienced GrFi)
  4074 | D:5      | HP: 2/48 [Jb9000's ghost (1)]
  4077 | D:5      | Killed Jb9000's ghost
  4270 | D:5      | Reached skill level 5 in Fighting
  4270 | D:5      | Reached skill level 5 in Shields
  4275 | D:5      | Reached skill level 6 in Stealth
  4377 | D:5      | Acquired Makhleb's first power
  4617 | D:5      | Reached XP level 9. HP: 45/54 MP: 9/9
  4632 | D:5      | Acquired Makhleb's second power
  4656 | D:5      | Found a viscous altar of Jiyva.
  4708 | D:5      | Found a glowing silver altar of Zin.
  4708 | D:5      | Found a shadowy altar of Dithmenos.
  4840 | D:5      | Reached skill level 5 in Armour
  5305 | D:6      | Reached skill level 5 in Staves
  5392 | D:6      | Reached skill level 7 in Stealth
  5669 | D:6      | Found a snail-covered altar of Cheibriados.
  5835 | D:6      | Acquired Makhleb's third power
  6982 | D:7      | Acquired Makhleb's fourth power
  6982 | D:7      | Reached skill level 8 in Stealth
  7199 | D:8      | Reached XP level 10. HP: 59/59 MP: 10/10
  7230 | D:8      | Noticed Joseph
  7239 | D:8      | Killed Joseph
  7271 | D:8      | Found Mnoifydo's Magic Scroll Shoppe.
  7303 | D:8      | Found a sand-covered staircase.
  7314 | Ossuary  | Entered an ossuary
  7542 | Ossuary  | Acquired Makhleb's fifth power
  7551 | Ossuary  | Reached skill level 5 in Bows
  7785 | D:8      | Reached skill level 1 in Invocations
  7979 | D:8      | Noticed Grum
  7999 | D:8      | Gained mutation: You are frail (-10% HP). [potion of mutation]
  7999 | D:8      | Gained mutation: Your natural rate of healing is unusually fast. [potion of mutation]
  7999 | D:8      | Gained mutation: You tend to lose your temper in combat. [potion of mutation]
  8000 | D:8      | HP: 1/54 [Grum/enchanted spear (5)]
  8001 | D:8      | Killed Grum
  8002 | D:8      | Slain by a wolf

Action                   |  1- 3 |  4- 6 |  7- 9 | 10-12 || total
-------------------------+-------+-------+-------+-------++-------
Melee: Dagger            |    91 |    51 |       |       ||   142
       Flail             |     5 |       |       |       ||     5
       Quarterstaff      |       |    90 |   283 |   156 ||   529
 Fire: Shortbow          |       |       |   162 |    48 ||   210
Throw: Tomahawk          |       |     3 |     2 |       ||     5
Invok: Minor Destruction |       |       |     1 |       ||     1
Evoke: Wand              |       |    18 |     4 |     1 ||    23
  Use: Scroll            |       |     9 |     5 |     4 ||    18
       Potion            |       |     7 |     6 |     4 ||    17
 Stab: Petrified         |       |       |     1 |       ||     1
       Paralysed         |       |       |     5 |     1 ||     6
       Petrifying        |       |       |     1 |     1 ||     2
       Distracted        |       |       |     1 |       ||     1
       Sleeping          |       |       |       |     2 ||     2
  Eat: Chunk             |     2 |     6 |     6 |     1 ||    15
       Fruit             |       |       |     2 |       ||     2
       Meat ration       |       |       |     1 |       ||     1
       Royal jelly       |       |       |       |     1 ||     1
